 Dungeon Crawl Stone Soup version 0.32-a0-898-g7811c86cf0 (webtiles) character file.

Game seed: 9315962664313755722

228 Heh the Trooper (level 6, 0/51 HPs)
             Began as a Coglin Monk on Apr 5, 2024.
             Was a Believer of Beogh.
             Incinerated by a bombardier beetle (1 damage)
             ... with a burning spray
             ... on level 4 of the Dungeon.
             The game lasted 00:05:56 (2622 turns).

Heh the Trooper (Coglin Monk)                       Turns: 2622, Time: 00:05:56

Health: 0/51       AC:  5    Str: 12    XL:     6   Next: 2%
Magic:  6/6        EV: 12    Int:  9    God:    Beogh [**....]
Gold:   217        SH:  0    Dex: 18    Spells: 5/5 levels left

rFire   . . .        a - +1 falchion (elec) {Rabni}
rCold   . . .        z - +0 rapier {Dagmar}
rNeg    + . .        m - +1 robe of Lunoy {rN+}
rPois   .            (no helmet)
rElec   .            (no cloak)
rCorr   .            (no gloves)
SInv    +            u - +1 pair of boots of the Arcane {Will+ SInv}
Will    +....        (amulet unavailable)
Stlth   +            (ring unavailable)
HPRegen 0.28/turn    (ring unavailable)
MPRegen 0.10/turn    (no gizmo)

%: no passive effects
@: confused, on fire, ambrosia-drunk, glowing, revved
A: off-hand wielding, slow wielding, warmup strikes, no jewellery
a: Invent Gizmo, Renounce Religion, Smiting


You were on level 4 of the Dungeon.
You worshipped Beogh.
Beogh was pleased with you.
You visited 1 branch of the dungeon, and saw 4 of its levels.

You collected 217 gold pieces.

Inventory:

Hand Weapons
 a - a +1 falchion of electrocution (weapon) {Rabni}
 g - a +0 dagger {Xochitl}
 p - a +0 short sword {Gabriela}
 z - a +0 rapier (offhand) {Dagmar}
Armour
 b - a +0 robe
 d - an orb of light
 l - a +0 chain mail
 m - the +1 robe of Lunoy (worn) {rN+}
   (You found it on level 2 of the Dungeon)

   rN+:       It protects you from negative energy.
 q - a +0 leather armour
 u - the +1 pair of boots of the Arcane (worn) {Will+ SInv}
   (You acquired it on level 4 of the Dungeon)

   Will+:     It increases your willpower.
   SInv:      It lets you see invisible.
 w - a +0 plate armour
Scrolls
 h - a scroll of noise
 i - a scroll of amnesia
 k - a scroll of blinking
 r - a scroll of brand weapon
 s - 3 scrolls of immolation
 v - a scroll of enchant weapon
Potions
 e - a potion of heal wounds {unknown}
 f - a potion of mutation {unknown}
 j - a potion of lignification {unknown}
 n - a potion of haste {unknown}
 o - 2 potions of brilliance {unknown}
 t - 2 potions of degeneration {unknown}


   Skills:
 + Level 5.0 Fighting
 + Level 5.0 Long Blades
 - Level 2.6 Dodging


You had 5 spell levels left.
You didn't know any spells.
Your spell library contained the following spells:

 Spells                   Type           Power      Damage    Failure   Level
 Shock                    Conj/Air       0%         1d3       38%         1
 Call Canine Familiar     Summ           0%         N/A       77%         3
 Sigil of Binding         Hex            0%         N/A       77%         3
 Swiftness                Air            0%         N/A       77%         3
 Airstrike                Air            0%         2d(0-16)  99%         4
 Dimensional Bullseye     Hex/Tloc       0%         N/A       99%         4


Dungeon Overview and Level Annotations

Branches:
Dungeon (4/15)
 Temple: D:4-7

Altars:
Ashenzari
Fedhas
Xom
Zin

Shops:
D:3 :


Innate Abilities, Weirdness & Mutations

Your facial features look somewhat orcish.
You can wield a second weapon in your off-hand.
It takes a long time for you to wield or remove held weapons.
Your first few attacks do less damage.
You cannot equip rings or amulets.


Message History

Beogh welcomes you!
You can now smite your foes.
Your teeth grow more tusk-like, and your ears lengthen.
The priest grants you succour and welcomes you into the fold.
The other orcs roar their approval!
The liquid fire burns you! The bombardier beetle bites you.
You barely miss the bombardier beetle with your +0 rapier.
You hit the bombardier beetle with your +1 falchion of electrocution.
The liquid fire burns you!
Unknown command.
You hit the bombardier beetle with your +0 rapier.
The bombardier beetle is heavily wounded.
You hit the bombardier beetle with your +1 falchion of electrocution.
The liquid fire burns you!
The bombardier beetle barely misses you.
You closely miss the bombardier beetle with your +0 rapier.
The bombardier beetle is heavily wounded.
You hit the bombardier beetle with your +1 falchion of electrocution.
The liquid fire burns you! The bombardier beetle bites you.
* * * LOW HITPOINT WARNING * * *
You hit the bombardier beetle but do no damage.
The bombardier beetle is severely wounded.
You barely miss the bombardier beetle with your +0 rapier.
The liquid fire burns you!
* * * LOW HITPOINT WARNING * * *
The orc goes down the stairs.
You hit the bombardier beetle with your +0 rapier.
The bombardier beetle is almost dead.
You barely miss the bombardier beetle with your +1 falchion of electrocution.
The liquid fire burns you!
* * * LOW HITPOINT WARNING * * *
The bombardier beetle bites you.
* * * LOW HITPOINT WARNING * * *
Okay, then.
You are confused.
You feel invigorated. The liquid fire burns you!
You die...

#..# #.# #..#
#.# #>.# #.# o
#.# ## #. #.#
..##.#########.#
.....#.......#
#.#)#.#######
#..@.)# #.B.#.#
#...#.# ...#.###
###.#.. #.### #


You could see a bombardier beetle and a neutral orc priest (wandering).

Vanquished Creatures
  A scorpion (D:4)
  An iguana (D:4)
  Natasha (D:4)
  An orc wizard (D:4)
  Robin (D:2)
  A gnoll (D:2)
  A dart slug (D:4)
  8 orcs
  6 endoplasms
  A giant cockroach (D:3)
  14 goblins
  6 hobgoblins
  2 jackals (D:2)
  2 quokkas
  4 ball pythons
  4 bats
  4 frilled lizards
  2 kobolds (D:1)
  5 rats
65 creatures vanquished.

Notes
Turn   | Place    | Note
-------+----------+-------------------------------------------
     0 | D:1      | Heh the Coglin Monk began the quest for the Orb.
     0 | D:1      | Reached XP level 1. HP: 18/18 MP: 1/1
   188 | D:1      | Reached XP level 2. HP: 24/24 MP: 2/2
   408 | D:1      | Found a faded altar of an unknown god.
   592 | D:2      | Noticed Robin
   601 | D:2      | Reached XP level 3. HP: 23/29 MP: 3/3
   627 | D:2      | Killed Robin
   757 | D:2      | Identified the +1 robe of Lunoy {rN+}
  1059 | D:2      | Reached XP level 4. HP: 28/37 MP: 4/4
  1137 | D:2      | Learned a level 1 spell: Shock
  1156 | D:3      | Found Nutuepp's Book Shop.
  1164 | D:3      | Found a shimmering altar of Xom.
  1751 | D:3      | Found a blossoming altar of Fedhas.
  1757 | D:3      | Found a broken altar of Ashenzari.
  1762 | D:3      | Found a glowing silver altar of Zin.
  2084 | D:4      | Noticed Natasha
  2093 | D:4      | Killed Natasha
  2107 | D:4      | Reached XP level 5. HP: 17/43 MP: 5/5
  2261 | D:4      | Identified a scroll of acquirement
  2261 | D:4      | Acquired the +1 pair of boots of the Arcane {Will+ SInv}
  2411 | D:4      | Reached skill level 5 in Fighting
  2411 | D:4      | Reached skill level 5 in Long Blades
  2609 | D:4      | Reached XP level 6. HP: 51/51 MP: 6/6
  2616 | D:4      | Became a worshipper of Beogh the Shepherd
  2616 | D:4      | Reached * piety under Beogh
  2616 | D:4      | Reached ** piety under Beogh
  2621 | D:4      | HP: 1/51 [bombardier beetle (4)]
  2622 | D:4      | Incinerated by a bombardier beetle

Illustrated notes

Levels and vault maps discovered:
D:1:      nicolae_arrival_washed_ashore, layout_basic,
          ebering_ecumenical_altar_rust
D:2:      layout_rooms, grunt_ministairs_15, cheibrodos_gnoll_hut, uniq_robin
D:3:      layout_basic, minmay_overflow_temple_star_quad,
          nicolae_overflow_crystal_walls, serial_shops, shop, serial_glass,
          glass_columns_a, glass_columns_c, glass_columns_a, glass_columns_c
D:4:      layout_basic, enter_ossuary_5, uniq_natasha

Skill      XL: |  1  2  3  4  5 |
---------------+----------------+-----
Fighting       | 4 5 |  5.0
Long Blades    | 4 5 |  5.0
Dodging        | |  2.6

Action                     |  1- 3 |  4- 6 || total
---------------------------+-------+-------++-------
  Melee: Falchion          |    77 |    59 ||   136
         Dagger            |    42 |       ||    42
         Short sword       |    11 |    19 ||    30
         Rapier            |       |    38 ||    38
 Invoke: Convert to Beogh  |       |     1 ||     1
    Use: Scroll            |       |    10 ||    10
         Potion            |       |     1 ||     1
   Stab: Sleeping          |     1 |     5 ||     6
 Armour: Robe              |    59 |    31 ||    90
  Dodge: Dodged            |    65 |    43 ||   108

Table legend: (Time is in decaauts)
 A = Elapsed time spent in this place.
 B = Non-inter-level travel time spent in this place.
 C = Inter-level travel time spent in this place.
 D = Time resting spent in this place.
 E = Time spent auto-exploring this place.
 F = Levels seen in this place.
 G = Mean time per level.
                   A        B        C        D        E       F      G
               +--------+--------+--------+--------+--------+-----+--------+
         Total |   2628 |   2493 |    135 |      0 |   1957 |   4 |  657.0 |
       Dungeon |   2628 |   2493 |    135 |      0 |   1957 |   4 |  657.0 |
               +--------+--------+--------+--------+--------+-----+--------+

Top non-repeatable levels by time:
     D:3: 797 daAuts
     D:4: 670 daAuts
     D:2: 609 daAuts
     D:1: 550 daAuts
